 Dungeon Crawl Stone Soup version 0.23-a0-650-ga4d50d4 (webtiles) character file.

39 sugabear the Cudgeler (level 3, -1/27 HPs)
             Began as a Vine Stalker Gladiator on Jan 3, 2019.
             Slain by a hobgoblin (2 damage)
             ... on level 2 of the Dungeon.
             The game lasted 00:01:32 (1595 turns).

sugabear the Cudgeler (Vine Stalker Gladiator)      Turns: 1595, Time: 00:01:32

Health: -1/27      AC:  4    Str: 21    XL:     3   Next: 45%
Magic:  0/4        EV: 13    Int:  8    God:
Gold:   65         SH:  0    Dex: 16    Spells: 2/2 levels left

rFire    . . .     SeeInvis .   a - +0 flail
rCold    . . .     Gourm    .   (no shield)
rNeg     . . .     Faith    .   b - +0 leather armour
rPois    .         Spirit   +   c - +0 helmet
rElec    .         Reflect  .   (no cloak)
rCorr    .         Harm     .   (no gloves)
MR       .....                  (no boots)
Stlth    ..........             (no amulet)
HPRegen  0.09/turn              (no ring)
MPRegen  0.09/turn              (no ring)

@: berserking (expiring), lethally poisoned (-1 -> -6), very quick
A: fangs 2, magic shield, antimagic bite, no potion heal 3, rot immunity
a: no special abilities


You were on level 2 of the Dungeon.
You were not hungry.

You visited 1 branch of the dungeon, and saw 2 of its levels.

You collected 65 gold pieces.

Inventory:

Hand Weapons
 a - a +0 flail (weapon)
Missiles
 d - 3 throwing nets (quivered)
Armour
 b - a +0 leather armour (worn)
 c - a +0 helmet (worn)
 k - a +0 pair of gloves of archery
 l - a +0 ring mail
Jewellery
 q - an uncursed amulet of faith {unknown}
Wands
 p - a wand of clouds (3)
Scrolls
 e - a scroll of blinking {unknown}
 g - a scroll of fog {unknown}
 h - 2 scrolls of teleportation {unknown}
 i - 2 scrolls of identify {unknown}
 r - a scroll of random uselessness {unknown}
 s - a scroll of magic mapping {unknown}
 t - a scroll of immolation {unknown}
Potions
 j - a potion of berserk rage
 m - a potion of brilliance {unknown}
 n - 2 potions of flight {unknown}
 o - 3 potions of curing {unknown}
 u - a potion of might {unknown}
Comestibles
 f - 6 rations


   Skills:
 + Level 2.1 Fighting
 + Level 3.2 Maces & Flails
 + Level 1.8 Throwing
 + Level 1.0 Armour
 + Level 2.7 Dodging


You had 2 spell levels left.
You didn't know any spells.
Your spell library was empty.

Dungeon Overview and Level Annotations

Branches:
Dungeon (2/15)

Altars:


Innate Abilities, Weirdness & Mutations

You have extremely sharp teeth.
When hurt, damage is shared between your health and your magic reserves.
Your bite disrupts and absorbs the magic of your enemies.
Potions cannot restore your health.
You are immune to rotting.


Message History

You feel sick. The adder barely misses you.
You miss the adder. You bite the adder. You drain its power.
You feel invigorated.
The adder is heavily wounded.
The adder bites you.
* * * LOW HITPOINT WARNING * * *
You closely miss the adder. Your bite misses the adder.
The adder is heavily wounded.
* * * LOW HITPOINT WARNING * * *
You feel sick. The adder bites you.
* * * LOW HITPOINT WARNING * * *
You thump the adder!
You kill the adder!
Your Armour skill increases to level 1!
You barely miss the hobgoblin.
* * * LOW HITPOINT WARNING * * *
You feel sick.
You closely miss the hobgoblin. Your bite misses the hobgoblin.
The hobgoblin hits you.
You die...

#.# #.###.....# ##...## ##.#
#.........# ##.....# # ##..##
#..##.##..# ##.....(.
####....####.........####........
+.......................+........
####....#####.##.#...####........
# #.......##.......## ##.......
#.##.##.#####.#### ##.....#
#.##..# # #@# #####...##
#.###.#.# #g# #......## #.###.#.#
#.# #.####.# #.......# #...# .#
###.### #####.### #...#
...##...... #.# ..... .........##
### #.# ....... [..##.....# ..#
#.# #[....... .# ##...##
#.######.# ###...#### #.####.##


You could see a hobgoblin.

Vanquished Creatures
  An adder (D:2)
  A worm (D:2)
  5 bats
  2 giant cockroaches (D:2)
  5 goblins
  4 hobgoblins
  2 jackals (D:2)
  A frilled lizard (D:1)
  3 rats
24 creatures vanquished.

Notes
Turn   | Place    | Note
-------+----------+-------------------------------------------
     0 | D:1      | sugabear the Vine Stalker Gladiator began the quest for the
                  | Orb.
     0 | D:1      | Reached XP level 1. HP: 11/11 MP: 2/2
   264 | D:1      | Reached XP level 2. HP: 15/15 MP: 3/3
   505 | D:1      | Reached skill level 3 in Maces & Flails
  1420 | D:2      | Reached XP level 3. HP: 18/18 MP: 4/4
  1593 | D:2      | Reached skill level 1 in Armour
  1594 | D:2      | HP: 1/27 [poisoned by an adder]
  1595 | D:2      | Slain by a hobgoblin

Vault maps used:
D:1:      matt_arrival_los_fun

Skill      XL: |  1  2  3 |
---------------+----------+-----
Maces & Flails | 3 |  3.2
Fighting       | 2 |  2.1
Armour         | 1 |  1.0
Throwing       | |  1.8
Dodging        | |  2.7

Action                   || total
-------------------------++-------
Melee: Flail             ||    61
       Bite              ||    12
  Use: Potion            ||     1
  Eat: Chunk             ||     2
Armor: Leather armour    ||    21
Dodge: Dodged            ||    38

Table legend:
 A = Non-vault XP
 B = Vault XP
 C = Vault XP percentage of total XP
 D = Non-vault monster count
 E = Vault monster count
 F = Vault count percentage of total count
                 A         B        C        D         E       F
            +---------+---------+-------+---------+---------+-------
      Total |      56 |       0 |   0.0 |      24 |       0 |   0.0
            +---------+---------+-------+---------+---------+-------
        D:1 |      17 |       0 |   0.0 |      11 |       0 |   0.0
        D:2 |      39 |       0 |   0.0 |      13 |       0 |   0.0
            +---------+---------+-------+---------+---------+-------
